 Dungeon Crawl Stone Soup version 0.30-a0-719-gcc4359ea44 (webtiles) character file.

Game seed: 5456823234591189846

208 demibob the Twirler (level 5, -13/38 HPs)
             Began as a Demonspawn Gladiator on Jan 27, 2023.
             Mangled by Edmund
             ... wielding a +4 heavy dire flail
              (21 damage)
             ... on level 4 of the Dungeon.
             The game lasted 00:03:39 (1904 turns).

demibob the Twirler (Demonspawn Gladiator)          Turns: 1904, Time: 00:03:40

Health: -13/38     AC: 10    Str: 12    XL:     5   Next: 55%
Magic:  5/5        EV:  6    Int: 15    God:
Gold:   182        SH:  0    Dex: 20    Spells: 4/4 levels left

rFire   . . .      SeeInvis .    a - +0 quarterstaff (drain)
rCold   . . .      Faith    .    (shield currently unavailable)
rNeg    . . .      Spirit   .    m - +1 chain mail of Yngin {Str-2 Int+4 Dex+5}
rPois   .          Reflect  .    (helmet restricted)
rElec   .          Harm     .    (no cloak)
rCorr   .          Rampage  .    i - +0 pair of gloves
Will    .....                    (no boots) Stlth
                                 h - amulet of regeneration
HPRegen 1.06/turn                (no ring)
MPRegen 0.09/turn                (no ring)

@: mighty
A: horns 1, powered by death 1
a: no special abilities


You were on level 4 of the Dungeon.
You visited 1 branch of the dungeon, and saw 4 of its levels.

You collected 182 gold pieces.


Innate Abilities, Weirdness & Mutations

You have a pair of small horns on your head.
You regenerate a little health from kills.


   Skills:
 - Level 2.0 Fighting
 + Level 5.8 Staves
 - Level 1.7 Throwing
 - Level 2.6 Dodging


You had 4 spell levels left.
You didn't know any spells.
Your spell library was empty.

Inventory:

Hand Weapons
 a - a +0 quarterstaff of draining (weapon)
Missiles
 d - 3 throwing nets (quivered) {=f}
 e - a javelin
Armour
 i - a +0 pair of gloves (worn)
 m - the +1 chain mail of Yngin (worn) {Str-2 Int+4 Dex+5}
   (You took it off a hobgoblin on level 3 of the Dungeon)

   Str:       It affects your strength (-2).
   Int:       It affects your intelligence (+4).
   Dex:       It affects your dexterity (+5).
Jewellery
 h - an amulet of regeneration (around neck)
Wands
 b - a wand of charming (6)
Scrolls
 f - a scroll of magic mapping
 j - a scroll of identify {@r1}
 l - 3 scrolls of amnesia
Potions
 c - 2 potions of curing {@q1}
 g - a potion of brilliance
 n - a potion of lignification
 o - 2 potions of ambrosia

Dungeon Overview and Level Annotations

Branches:
Dungeon (4/15)
 Temple: D:4-7

Altars:
Xom
Yredelemnul

Annotations:
D:4 Edmund

#.######
#....@@#
#.########.#
........<#.#
#.###.#.##.#
# #.##.#
#..#.#
#.##.#
#.##.#
#....#


You could see Edmund (drained).


Message History

As you read the scroll of identify {@r1}, it crumbles to dust.
c - 2 potions of curing
(D) Dungeon
Where to? (Enter - D:3, ? - help)
You see here the felid corpse of Natasha.
Things that are here:
a +0 club; 3 stones
There is a stone staircase leading down here.
You climb downwards.
There is a stone staircase leading up here.
Edmund the Younger comes into view.
He is wielding a +4 heavy dire flail.
Edmund shouts!
You start waiting.
Edmund is nearby!
Edmund hits you with a +4 heavy dire flail!
You hit Edmund.
Edmund is lightly wounded.
Edmund says, "People accused me of being a cutpurse!"
Edmund hits you but does no damage.
You barely miss Edmund.
Edmund is lightly wounded.
Edmund hits you with a +4 heavy dire flail!!
Ouch! That really hurt!
* * * LOW HITPOINT WARNING * * *
You feel very mighty all of a sudden.
You sock Edmund! You drain Edmund.
Edmund is heavily wounded.
Edmund hits you with a +4 heavy dire flail!!
Ouch! That really hurt!
You die...

Skill      XL: |  1  2  3  4 |
---------------+-------------+-----
Staves         | 3 4 5 |  5.8
Fighting       | |  2.0
Throwing       | |  1.7
Dodging        | |  2.6

Action                     |  1- 3 |  4- 6 || total
---------------------------+-------+-------++-------
  Melee: Quarterstaff      |    86 |    40 ||   126
         Headbutt          |    11 |     5 ||    16
    Use: Scroll            |     5 |     4 ||     9
         Potion            |       |     1 ||     1
 Armour: Leather armour    |    27 |     1 ||    28
         Chain mail        |       |     7 ||     7
  Dodge: Dodged            |    61 |    12 ||    73

Levels and vault maps discovered:
D:1:      minmay_arrival_widening_spiral_wide, layout_basic,
          grunt_decor_resistance, serial_bayou_pond_c, hangedman_glass_teeth,
          serial_bayou_pond_c
D:2:      layout_loops_cross, basic_altar,
          hellmonk_ecumenical_altar_leap_of_faith
D:3:      layout_rooms, lemuel_crystal_altar, lemuel_crystal_altar,
          minmay_checkerbox, uniq_natasha, uniq_ijyb
D:4:      layout_basic, uniq_sigmund, uniq_edmund, uniq_duvessa

Notes
Turn   | Place    | Note
-------+----------+-------------------------------------------
     0 | D:1      | demibob the Demonspawn Gladiator began the quest for the
                  | Orb.
     0 | D:1      | Reached XP level 1. HP: 16/16 MP: 1/1
    76 | D:1      | Reached skill level 3 in Staves
    76 | D:1      | Gained mutation: You have a pair of small horns on your
                  | head. [demonic ancestry]
    76 | D:1      | Reached XP level 2. HP: 16/22 MP: 2/2
   553 | D:1      | Reached XP level 3. HP: 22/27 MP: 3/3
   816 | D:2      | Reached skill level 4 in Staves
  1051 | D:2      | Found a faded altar of an unknown god.
  1417 | D:3      | Found a basalt altar of Yredelemnul.
  1438 | D:3      | Gained mutation: You regenerate a little health from kills.
                  | [demonic ancestry]
  1438 | D:3      | Reached XP level 4. HP: 27/33 MP: 4/4
  1476 | D:3      | Noticed Ijyb
  1484 | D:3      | Killed Ijyb
  1485 | D:3      | Reached skill level 5 in Staves
  1485 | D:3      | Identified the +1 chain mail of Yngin {Str-2 Int+4 Dex+5}
  1631 | D:3      | Noticed Natasha
  1636 | D:3      | Killed Natasha
  1637 | D:3      | Reached XP level 5. HP: 37/38 MP: 5/5
  1661 | D:3      | Found a shimmering altar of Xom.
  1797 | D:3      | Noticed Natasha
  1804 | D:3      | Killed Natasha
  1845 | D:3      | Noticed Natasha
  1848 | D:3      | Killed Natasha
  1895 | D:4      | Noticed Edmund
  1904 | D:4      | Mangled by Edmund

Vanquished Creatures
  A hound (D:3)
  Ijyb (D:3)
  Natasha (thrice) (D:3)
  2 adders (D:2)
  A gnoll (D:1)
  4 dart slugs
  2 ball pythons (D:2)
  3 endoplasms
  2 giant cockroaches
  6 goblins
  A hobgoblin (D:3)
  3 quokkas
  A bat (D:1)
  2 frilled lizards (D:2)
  10 kobolds
  5 rats
47 creatures vanquished.

Vanquished Creatures (others)
  A plant (D:1)
1 creature vanquished.

Grand Total: 48 creatures vanquished

Table legend: (Time is in decaauts)
 A = Elapsed time spent in this place.
 B = Non-inter-level travel time spent in this place.
 C = Inter-level travel time spent in this place.
 D = Time resting spent in this place.
 E = Time spent auto-exploring this place.
 F = Levels seen in this place.
 G = Mean time per level.
                   A        B        C        D        E       F      G
               +--------+--------+--------+--------+--------+-----+--------+
         Total |   1927 |   1853 |     74 |      3 |   1483 |   4 |  481.8 |
       Dungeon |   1927 |   1853 |     74 |      3 |   1483 |   4 |  481.8 |
               +--------+--------+--------+--------+--------+-----+--------+

Top non-repeatable levels by time:
     D:1: 807 daAuts
     D:2: 608 daAuts
     D:3: 487 daAuts
     D:4: 24 daAuts

Table legend:
 A = Non-vault XP
 B = Vault XP
 C = Vault XP percentage of total XP
 D = Non-vault monster count
 E = Vault monster count
 F = Vault count percentage of total count
                 A         B        C        D         E       F
            +---------+---------+-------+---------+---------+-------
      Total |     218 |      80 |  26.8 |      41 |       6 |  12.8
            +---------+---------+-------+---------+---------+-------
        D:1 |      47 |       0 |   0.0 |      20 |       0 |   0.0
        D:2 |      46 |       0 |   0.0 |      12 |       0 |   0.0
        D:3 |     125 |      80 |  39.0 |       9 |       6 |  40.0
            +---------+---------+-------+---------+---------+-------
